 Dungeon Crawl Stone Soup version 0.19-a0-1922-g1e9a4c1 (webtiles) character file.

3147 Gerad the Destroyer (level 9, -5/67 HPs)
             Began as a Demigod Fire Elementalist on Oct 24, 2016.
             Slain by a manticore (13 damage)
             ... on level 8 of the Dungeon.
             The game lasted 00:32:51 (9061 turns).

Gerad the Destroyer (Demigod Fire Elementalist)     Turns: 9061, Time: 00:32:51

Health: -5/67      AC:  8    Str: 11      XL:     9   Next: 35%
Magic:  5/17       EV: 13    Int: 28      God:
Gold:   233        SH:  0    Dex: 15 (16) Spells: 4 memorised, 4 levels left

rFire  + . .     SeeInvis .     a - +0 whip (drain)
rCold  . . .     Gourm    .     G - +1 leather armour {rF+}
rNeg   . . .     Faith    .     (no shield)
rPois  .         Spirit   .     D - +2 helmet {Int+3}
rElec  .         Reflect  .     h - +0 cloak
rCorr  .         Harm     .     (no gloves)
MR     .....                    (no boots)
Stlth  ++........               (no amulet)
                                (no ring)
                                (no ring)

@: no status effects
A: high mp 1
a: no special abilities


You were on level 8 of the Dungeon.
You were not hungry.

You visited 1 branch of the dungeon, and saw 8 of its levels.

You collected 419 gold pieces.
You spent 186 gold pieces at shops.

Inventory:

Hand Weapons
 a - a +0 whip of draining (weapon)
   (You took it off a goblin on level 2 of the Dungeon)
 v - a +0 scimitar
   (You found it on level 3 of the Dungeon)
 x - a +0 mace of protection
   (You took it off an orc on level 3 of the Dungeon)
Missiles
 H - 5 tomahawks (quivered)
Armour
 h - a +0 cloak (worn)
   (You found it on level 1 of the Dungeon)
 D - a +2 helmet of intelligence (worn)
   (You took it off Robin on level 4 of the Dungeon)
 E - a +0 buckler
   (You found it on level 4 of the Dungeon)
 F - a +0 shield
   (You found it on level 4 of the Dungeon)
 G - a +1 leather armour of fire resistance (worn)
   (You took it off an orc on level 4 of the Dungeon)
Wands
 s - a wand of lightning (1/15)
   (You found it on level 2 of the Dungeon)
 w - a wand of acid (4/15)
   (You found it on level 6 of the Dungeon)
 y - a wand of teleportation (5/9)
   (You took it off Natasha on level 3 of the Dungeon)
 B - a wand of acid (5/15)
   (You found it on level 4 of the Dungeon)
 L - a wand of teleportation (3/9)
   (You took it off Edmund on level 6 of the Dungeon)
Scrolls
 d - 4 scrolls of identify
 f - a scroll of vulnerability {unknown}
 g - 2 scrolls of noise {unknown}
 j - a scroll of blinking {!r}
 l - a scroll of brand weapon {unknown}
 m - 2 scrolls of amnesia
 o - 3 scrolls of immolation {!r}
 q - a scroll of recharging {unknown}
 r - 3 scrolls of magic mapping {!r}
 u - 3 scrolls of teleportation {unknown}
 C - a scroll of enchant armour {unknown}
 I - a scroll of acquirement {unknown}
Potions
 i - a potion of cancellation
 k - 4 potions of heal wounds
 p - a potion of ambrosia
 t - a potion of mutation {!q}
 z - a potion of lignification {!q}
 J - a potion of magic
Books
 b - a book of Flames
 e - a book of Beasts
   (You found it on level 7 of the Dungeon)
Comestibles
 c - 3 bread rations {@e1}
 n - 3 meat rations {@e2}
 A - 3 slices of pizza
 K - a chunk of flesh {@w0}


   Skills:
 + Level 2.1 Fighting
 + Level 2.8 Dodging
 - Level 1.7 Stealth
 + Level 1.4 Shields
 + Level 3.2 Spellcasting
 * Level 8.3 Conjurations
 * Level 8.3 Fire Magic


You had 4 spell levels left.
You knew the following spells:

 Your Spells              Type           Power        Failure   Level  Hunger
a - Flame Tongue          Conj/Fire      #####        1%          1    None
c - Conjure Flame         Conj/Fire      ######..     1%          3    ##.....
s - Sticky Flame          Conj/Fire      ######..     3%          4    ####...
x - Throw Flame           Conj/Fire      ######       1%          2    #......


Dungeon Overview and Level Annotations

Branches:
Dungeon (8/15)             Temple (0/1) D:7
   Lair: D:8-11

Shops:
D:4 *

Annotations:
D:4 tiktok's ghost, amateur HEHu
D:7 xnavy's ghost, novice DgIE


Innate Abilities, Weirdness & Mutations

You have an increased reservoir of magic. (+10% MP)


Message History

Aim: a quasit (almost dead)
The flame tongue misses the quasit.
The flame tongue hits the centaur.
The quasit misses you. The quasit claws you.
The quasit claws you but does no damage.
You take 1 damage, and have 49/67 hp.
Aim: a quasit (almost dead)
The flame tongue hits the quasit.
The quasit resists.
You kill the quasit!
The centaur wields a shortbow.
The centaur shoots an arrow.
The arrow completely misses you.
The centaur shoots an arrow.
The arrow hits you.
You take 1 damage, and have 48/67 hp.
You now have 5/17 mp.
Aim: a centaur, wielding a shortbow (heavily wounded)
The flame tongue hits the centaur.
The centaur shoots an arrow.
The arrow hits you!
You take 7 damage, and have 41/67 hp.
You now have 4/17 mp.
Aim: a centaur, wielding a shortbow (heavily wounded)
The flame tongue hits the centaur.
The centaur appears unharmed.
The centaur shoots an arrow.
The arrow hits you!
You take 12 damage, and have 29/67 hp.
You now have 3/17 mp.
The centaur shoots an arrow.
The arrow closely misses you.
The centaur shoots an arrow.
The arrow barely misses you.
You climb upwards.
Level annotation: xnavy's ghost, novice DgIE
There is a stone staircase leading down here.
An adder is nearby!
The adder hisses angrily.
You hit the adder. The adder bites you but does no damage.
You hit the adder. You drain the adder! The adder misses you.
You miss the adder. The adder bites you but does no damage.
The adder barely misses you.
You completely miss the adder. The adder barely misses you.
You barely miss the adder.
The adder bites you but does no damage. x2
You miss the adder. The adder closely misses you.
You hit the adder.
You kill the adder!
You see here an adder corpse.
Eating a chunk of flesh {@w0}.
You start eating the chunk of flesh {@w0}.
You butcher the adder corpse.
K - 2 chunks of flesh {@w0} You see here an adder skeleton.
You start resting.
Eating one of 2 chunks of flesh {@w0}.
You start eating one of the 2 chunks of flesh {@w0}.
You are feeling hungry.
You regained 18 hp, and now have 52/67 hp.
MP restored: 17 You start resting.
Health restored: 67
(D) Dungeon (T) Temple
Where to? (Enter - D:6 @ (x,y), ? - help)
There is a stone staircase leading down here.
You climb downwards.
The centaur shoots an arrow.
The arrow barely misses you.
There is a stone staircase leading up, spattered with blood here.
You see here 3 arrows.
Unknown command.
Okay, then.
Aim: a manticore The sticky flame hits the manticore.
The manticore is covered in liquid flames!
The manticore burns!
The manticore closely misses you. The manticore claws you. x2
You take 4 damage, and have 63/67 hp.
You now have 13/17 mp.
Aim: a manticore (lightly wounded, covered in liquid flames)
The flame tongue hits the manticore.
The manticore burns!
The manticore misses you. The manticore claws you. x2
You take 5 damage, and have 58/67 hp.
You now have 12/17 mp.
Aim: a manticore (moderately wounded, covered in liquid flames)
The flame tongue hits the manticore.
The manticore burns!
The manticore bites you. The manticore claws you! The manticore misses you.
You take 14 damage, and have 44/67 hp.
MASSIVE DAMAGE!!
You now have 11/17 mp.
Aim: a manticore (moderately wounded, covered in liquid flames)
The flame tongue hits the manticore.
The manticore burns!
The manticore bites you but does no damage.
The manticore claws you but does no damage.
The manticore misses you.
You now have 10/17 mp.
Aim: a manticore (heavily wounded, covered in liquid flames)
The flame tongue hits the manticore.
The manticore burns!
The manticore bites you! The manticore claws you. x2
You take 17 damage, and have 27/67 hp.
MASSIVE DAMAGE!!
You now have 9/17 mp.
Aim: a manticore (almost dead, covered in liquid flames)
The flame tongue hits the manticore.
The manticore appears unharmed.
The manticore burns!
The manticore stops burning.
The manticore barely misses you. The manticore claws you. x2
* * * LOW HITPOINT WARNING * * *
You take 7 damage, and have 20/67 hp.
You now have 8/17 mp.
Aim: a manticore (almost dead)
The sticky flame hits the manticore.
The manticore is covered in liquid flames!
The manticore burns!
The manticore bites you!
* * * LOW HITPOINT WARNING * * *
The manticore claws you.
* * * LOW HITPOINT WARNING * * *
The manticore claws you!
You die...

#...>...#
#.......## ..
#........
#.###.......
...#...... #.......
########
#..##.####.cH@<(#
##.##...%..####...#
###.....###### ##.#
##..........# .#
....<..#.##..# #
<....H.#.# ....
.......... ...
.......#.## ..
.......#... .


You could see a manticore (burning) and a centaur.

Vanquished Creatures
  Joseph (D:7)
  Menkaure (D:6)
  Edmund (D:6)
  A water moccasin (D:8)
  2 ice beasts
  A necrophage (D:6)
  An ogre (D:6)
  A centaur (D:7)
  3 bullfrogs
  Blork the orc (D:3)
  A water moccasin zombie (D:8)
  A scorpion (D:4)
  4 killer bees (D:6)
  4 howler monkeys
  4 crimson imps
  A quasit (D:8)
  A bullfrog skeleton (D:5)
  A jelly (D:7)
  A gnoll shaman (D:3)
  6 hounds
  2 orc priests
  An orc wizard (D:3)
  An iguana (D:7)
  Natasha (thrice) (D:2 D:3)
  9 worker ants
  A killer bee zombie (D:5)
  A hound skeleton (D:6)
  2 worker ant zombies (D:7)
  Robin (D:4)
  15 gnolls
  13 adders
  3 shadow imps
  An ooze (D:3)
  An adder skeleton (D:4)
  4 worms
  2 dart slugs
  5 leopard geckos
  14 orcs
  11 bats
  12 giant cockroaches
  24 goblins
  17 hobgoblins
  17 jackals
  4 quokkas
  A ball python (D:4)
  5 frilled lizards
  A jackal skeleton (D:5)
  A jackal zombie (D:5)
  8 kobolds
  10 rats
227 creatures vanquished.

Notes
Turn   | Place    | Note
-------+----------+-------------------------------------------
     0 | D:1      | Gerad the Demigod Fire Elementalist began the quest for the Orb.
     0 | D:1      | Reached XP level 1. HP: 14/14 MP: 5/5
     5 | D:1      | Reached skill level 1 in Conjurations
    98 | D:1      | Reached skill level 3 in Fire Magic
   204 | D:1      | Reached XP level 2. HP: 20/20 MP: 5/7
   224 | D:1      | Learned a level 2 spell: Throw Flame
   377 | D:1      | HP: 5/20 [hobgoblin/club (5)]
   383 | D:1      | HP: 5/20 [bat (1)]
   712 | D:1      | Reached skill level 2 in Conjurations
   791 | D:1      | Reached XP level 3. HP: 18/26 MP: 4/8
  1225 | D:2      | CaptBlasto: this is almost too much stuff to read really.
  1228 | D:2      | Gerad: I know
  1228 | D:2      | Gerad: not sure about it
  1228 | D:2      | Gerad: I kinda like the damage numbers
  1228 | D:2      | Gerad: bc then I actually have some sense of how much it hurt
  1228 | D:2      | Gerad: but it's a lot of stuff
  1239 | D:2      | Found a shattered altar of Ashenzari.
  1249 | D:2      | Gerad: ha, cool vault if you come at it like I did
  1249 | D:2      | Gerad: shows you a bunch of stuff at once
  1378 | D:2      | CaptBlasto: wish it would show you your damage numbers
  1381 | D:2      | Gerad: yeah, true
  1381 | D:2      | CaptBlasto: id like to see what a !!!! is
  1381 | D:2      | Gerad: but I don't think it can get those from anywhere
  1381 | D:2      | Gerad: ?? !
  1381 | D:2      | Gerad: aw beem!
  1385 | D:2      | CaptBlasto: hold on
  1388 | D:2      | CaptBlasto: ill start a game so you can subscribe
  1388 | D:2      | Gerad: where did he go?
  1388 | D:2      | Gerad: ok
  1388 | D:2      | Gerad: ?? !
  1388 | D:2      | beem: ]![1/3]: ! adds an annotation to your current floor. ! (glyph) represents a potion. See ![2] for !'s on hit.
  1388 | D:2      | Gerad: ?? ![2]
  1388 | D:2      | beem: ]![2/3]: If you hit something and the message ends with !, that means you did 7-17 damage. !!: 18-35. !!!: 36-71. !!!!: 72-143. !!!!!: 144-287. !!!!!!: 288+; and so on. Yikes!
  1388 | D:2      | CaptBlasto: you arent subscribed on this server haha
  1388 | D:2      | Gerad: there you go
  1504 | D:2      | Noticed Natasha
  1721 | D:2      | Killed Natasha
  1721 | D:2      | CaptBlasto: oh thats nice
  1721 | D:2      | Reached XP level 4. HP: 33/33 MP: 2/9
  1726 | D:2      | Learned a level 3 spell: Conjure Flame
  1726 | D:2      | CaptBlasto: you can rest through poison
  1726 | D:2      | Gerad: yeah, I think up to a certain point
  1857 | D:2      | Reached skill level 3 in Conjurations
  1950 | D:2      | Found a glowing golden altar of the Shining One.
  1951 | D:2      | CaptBlasto: might have to poach that part
  1969 | D:2      | Gerad: there's a lot of complicated stuff
  1969 | D:2      | Gerad: I don't really like the autopickup code
  1969 | D:2      | Gerad: I think it picks up all glowing items
  1969 | D:2      | Gerad: but it's like actual code and not just one statement, so it's hard to mess with
  2000 | D:2      | Gerad: ha, I think it does the don't pick up wand of flame bit
  2037 | D:2      | Noticed Natasha
  2075 | D:2      | Killed Natasha
  2075 | D:2      | Reached skill level 4 in Fire Magic
  2320 | D:2      | Found a glowing silver altar of Zin.
  2482 | D:2      | Reached XP level 5. HP: 38/38 MP: 10/10
  2635 | D:3      | Reached skill level 2 in Spellcasting
  3402 | D:3      | Reached skill level 4 in Conjurations
  3411 | D:3      | Found an opulent altar of Gozag.
  3428 | D:3      | Reached XP level 6. HP: 40/45 MP: 12/12
  3561 | D:3      | Noticed Blork the orc
  3564 | D:3      | Noticed Natasha
  3635 | D:3      | Killed Natasha
  3639 | D:3      | CaptBlasto: ok i see what its doing kind of
  3664 | D:3      | CaptBlasto: man that is weird though
  3681 | D:3      | Killed Blork the orc
  3682 | D:3      | Gerad: what is it doing?
  3687 | D:3      | Found a deep blue altar of Sif Muna.
  3840 | D:4      | CaptBlasto: so it picks up all artefacts
  3902 | D:4      | CaptBlasto: and it will pick up all weapons that are branded if you dont have a branded weapon?
  3910 | D:4      | Found a hazy altar of Hepliaklqana.
  3911 | D:4      | CaptBlasto: same fore armor
  3911 | D:4      | Gerad: ah, ok
  3911 | D:4      | Gerad: huh
  3911 | D:4      | CaptBlasto: for armor
  3911 | D:4      | Gerad: weird hack
  3925 | D:4      | Noticed Robin
  3948 | D:4      | Killed Robin
  3948 | D:4      | Reached skill level 5 in Fire Magic
  3971 | D:4      | Gerad: I do like the autopickup aux armor if you don't have that type
  3971 | D:4      | CaptBlasto: dunno why it cares about beogh
  3983 | D:4      | Gerad: ooh so nice, robin
  4003 | D:4      | Learned a level 4 spell: Sticky Flame
  4135 | D:4      | Noticed tiktok's ghost (amateur HEHu)
  4330 | D:4      | Found Nonoos's Assorted Antiques.
  4344 | D:4      | Bought a diamond ring for 120 gold pieces
  4351 | D:4      | CaptBlasto: oh there is a more recent one i just found
  4356 | D:4      | Gerad: haha
  4356 | D:4      | Gerad: it doesn't let you drop tele rings without confirming
  4356 | D:4      | Gerad: ooh, recent sounds better
  4356 | D:4      | Bought a scroll labeled MUGOEDO ZIARA for 24 gold pieces
  4356 | D:4      | Bought a puce potion for 21 gold pieces
  4356 | D:4      | CaptBlasto: oh thats real old then
  4356 | D:4      | Bought a puce potion for 21 gold pieces
  4360 | D:4      | CaptBlasto: since tele rings are useless now
  4360 | D:4      | Gerad: yeah
  4455 | D:4      | CaptBlasto: this one determines if you have skill in that weapon type
  4455 | D:4      | Gerad: it also autopicksup dispersal....darts
  4455 | D:4      | Gerad: ;)
  4455 | D:4      | Gerad: that sounds nice
  4508 | D:4      | CaptBlasto: https://crawl.project357.org/rc-files/trunk/mhoghedin.rc
  4508 | D:4      | Gerad: k, thanks
  4508 | D:4      | Gerad: I'll load that one when I quit
  4508 | D:4      | CaptBlasto: looks like you could just include hilarious death artists file he keeps current
  4508 | D:4      | Gerad: which will be soon
  4508 | D:4      | Gerad: this is the one I got from HDA
  4555 | D:4      | CaptBlasto: if you look at the top commented code
  4555 | D:4      | Gerad: oh, ok
  4563 | D:4      | CaptBlasto: include += HilariousDeathArtist.rc
  4587 | D:3      | Reached XP level 7. HP: 22/50 MP: 1/14
  5033 | D:4      | Found an iron altar of Okawaru.
  5074 | D:4      | Reached skill level 5 in Conjurations
  5111 | D:4      | Reached skill level 3 in Spellcasting
  5232 | D:5      | Entered Level 5 of the Dungeon
  5453 | D:5      | Reached skill level 6 in Fire Magic
  5848 | D:5      | Gerad: ok, I'm out
  5848 | D:5      | Gerad: see ya
  5852 | D:5      | CaptBlasto: ater
  5854 | D:5      | CaptBlasto: later
  5854 | D:5      | Upgraded the game from 0.19-a0-1920-g83281cb to 0.19-a0-1922-g1e9a4c1
  5855 | D:5      | Reached skill level 6 in Conjurations
  5957 | D:5      | Reached XP level 8. HP: 56/57 MP: 15/15
  6239 | D:6      | Noticed Edmund
  6307 | D:6      | Found a burning altar of Makhleb.
  6355 | D:6      | Reached skill level 7 in Fire Magic
  6666 | D:6      | Noticed Menkaure
  6669 | D:6      | Killed Menkaure
  6753 | D:6      | Killed Edmund
  6753 | D:6      | Reached skill level 7 in Conjurations
  7613 | D:7      | Reached skill level 2 in Dodging
  7733 | D:7      | Noticed xnavy's ghost (novice DgIE)
  7753 | D:7      | HP: 10/58 [xnavy's ghost/shard of ice (31)]
  8171 | D:7      | Reached skill level 1 in Fighting
  8171 | D:7      | Reached skill level 8 in Fire Magic
  8171 | D:7      | Reached XP level 9. HP: 55/64 MP: 11/16
  8398 | D:7      | Noticed Joseph
  8409 | D:7      | Killed Joseph
  8409 | D:7      | Reached skill level 1 in Shields
  8409 | D:7      | Reached skill level 8 in Conjurations
  8508 | D:7      | Found a staircase to the Ecumenical Temple.
  8833 | D:8      | Reached skill level 2 in Fighting
  8846 | D:8      | Noticed a manticore
  9061 | D:8      | HP: 13/67 [manticore (8)]
  9061 | D:8      | Slain by a manticore

Vault maps used:
D:1:      dpeg_arrival_prison, minmay_cupped
D:2:      nicolae_overflow_crystal_walls, tso_metal_star,
          nicolae_ashenzari_panopticon, first_bread, minmay_cut_off,
          uniq_natasha
D:3:      tgw_sif, nicolae_gozag_cash_rules_everything_around_me
D:4:      okawaru_altar_gauntlet_db, old_standard_altar, serial_shops,
          nicolae_shop_overgrown_old_shop, uniq_robin
D:6:      hangedman_decor_points, makhleb_blood_cavern_becter, uniq_menkaure,
          uniq_edmund
D:7:      uniq_joseph

Skill      XL: |  1  2  3  4  5  6  7  8  9 |
---------------+----------------------------+-----
Conjurations   | 1 2 3 4 6 7 8 |  8.3
Fire Magic     | 3 4 5 6 8 |  8.3
Spellcasting   | 2 3 |  3.2
Dodging        | 2 |  2.8
Fighting       | 1 2 |  2.1
Shields        | 1 |  1.4
Stealth        | |  1.7

Action                   |  1- 3 |  4- 6 |  7- 9 || total
-------------------------+-------+-------+-------++-------
Melee: Hand axe          |    72 |    52 |       ||   124
       Whip              |       |   163 |   204 ||   367
       Mace              |       |       |    25 ||    25
       Scimitar          |       |       |    41 ||    41
 Cast: Flame Tongue      |    59 |   114 |   172 ||   345
       Throw Flame       |       |     7 |       ||     7
       Conjure Flame     |       |     1 |     6 ||     7
       Sticky Flame      |       |       |    17 ||    17
  Use: Scroll            |       |    14 |     4 ||    18
       Potion            |       |       |     1 ||     1
 Stab: Sleeping          |     2 |     8 |     1 ||    11
  Eat: Chunk             |     3 |    10 |    17 ||    30
       Beef jerky        |       |       |     1 ||     1
Armor: Robe              |     1 |       |       ||     1
       Leather armour    |    26 |    78 |   165 ||   269
Dodge: Dodged            |    79 |   185 |   263 ||   527
       Rpst.: Scimitar   |       |       |     2 ||     2

Vault maps used:
D:1:      dpeg_arrival_prison, minmay_cupped
D:2:      nicolae_overflow_crystal_walls, tso_metal_star,
          nicolae_ashenzari_panopticon, first_bread, minmay_cut_off,
          uniq_natasha
D:3:      tgw_sif, nicolae_gozag_cash_rules_everything_around_me
D:4:      okawaru_altar_gauntlet_db, old_standard_altar, serial_shops,
          nicolae_shop_overgrown_old_shop, uniq_robin
D:6:      hangedman_decor_points, makhleb_blood_cavern_becter, uniq_menkaure,
          uniq_edmund
D:7:      uniq_joseph

Table legend:
 A = Turns spent in this place as a percentage of turns spent in the entire game.
 B = Non-inter-level travel turns spent in this place as a percentage of non-inter-level travel turns spent in the entire game.
 C = Inter-level travel turns spent in this place as a percentage of turns spent in this place.
 D = Turns resting spent in this place as a percentage of non-inter-level travel turns spent in this place.
 E = Turns spent auto-exploring this place as a percentage of non-inter-level travel turns spent in this place.
 F = Non-inter-level travel turns spent in this place divided by the number of levels of this place that you've seen.
                   A       B       C       D       E      F
               +-------+-------+-------+-------+-------+----------------------
         Total | 100.0 | 100.0 |   0.4 |   3.4 |   4.5 | 393.5
       Dungeon | 100.0 | 100.0 |   0.4 |   3.4 |   4.5 | 393.5
               +-------+-------+-------+-------+-------+----------------------

Table legend:
 A = Kills in this place as a percentage of kills in entire the game.
 B = Kills by you in this place as a percentage of kills by you in the entire game.
 C = Kills by friends in this place as a percentage of kills by friends in the entire game.
 D = Other kills in this place as a percentage of other kills in the entire game.
 E = Experience gained in this place as a percentage of experience gained in the entire game.
 F = Experience gained in this place divided by the number of levels of this place that you have seen.
                   A       B       C       D       E      F
               +-------+-------+-------+-------+-------+----------------------
         Total | 100.0 | 100.0 |  -nan |  -nan | 100.0 | 562.0
       Dungeon | 100.0 | 100.0 |  -nan |  -nan | 100.0 | 562.0
               +-------+-------+-------+-------+-------+----------------------
